AoeStats
← Bullsey59

Nomad

504603855Analyzed
2v2 RM · 25d ago on Sep 5, 2026· 29m 22s· 4 players
Game mode
Random Map
Map size
176×176
Population
200
Speed
Normal
Resources
Standard
Victory
Conquest
Starting age
Dark Age
Ending age
Imperial Age
RankedLock teamsTeams togetherTeam positionsShared explorationLock speedFull tech treeHidden civsTurbo modeCheats
Victory
Defeat
🇩🇪 Bohemians · Germany
855
+43
🇩🇪 Huns · Germany
855
+43
🇮🇹 Saracens · Italy
896
-18
🇲🇽 Slavs · Mexico
811
-14
Momo
16:01 Feudal Age
16:26 Double-Bit Axe
16:49 Loom
19:06 Horse Collar
20:20 Fletching
20:30 Padded Archer Armor
25:26 Castle Age
26:51 Scale Mail Armor
26:39 Pikeman
27:20 Squires
28:53 Heavy Plow
29:05 Bow Saw
Bullsey59
14:14 Feudal Age
20:26 Castle Age
19:34 Forging
19:39 Bloodlines
20:24 Horse Collar
20:32 Double-Bit Axe
21:56 Pikeman
23:47 Squires
27:00 Iron Casting
28:56 Bow Saw
28:49 Heavy Plow
KcoasRaulMx
5:39 Loom
18:18 Feudal Age
18:26 Man-at-Arms
19:03 Double-Bit Axe
19:43 Gold Mining
23:06 Fletching
Gimmopr0
9:41 Loom
15:50 Feudal Age
16:48 Double-Bit Axe
20:17 Castle Age
18:08 Fishing Lines
19:24 Scale Barding Armor
19:29 Forging
21:45 Husbandry
22:23 Iron Casting
23:21 Wheelbarrow
23:25 Gillnets
23:48 Horse Collar
24:30 Bow Saw
26:57 Fletching
27:27 Chain Barding Armor
Connection lost

Rejoining the realm…

Still unreachable

The connection could not be restored.

Session expired

The server has moved on; the page needs a fresh start.